 Dungeon Crawl Stone Soup version 0.28.0-45-g0d030f2227 (webtiles) character file.

Game seed: 12424271410785885479

175 NinjaNoafa the Ruffian (level 5, -3/42 HPs)
             Began as a Draconian Transmuter on Apr 13, 2022.
             Slain by a gnoll
             ... wielding a +0 flail
              (5 damage)
             ... on level 3 of the Dungeon.
             The game lasted 00:04:28 (2067 turns).

NinjaNoafa the Ruffian (Draconian Transmuter)       Turns: 2067, Time: 00:04:28

Health: -3/42      AC:  7    Str: 13    XL:     5   Next: 29%
Magic:  9/9        EV: 12    Int: 15    God:
Gold:   156        SH:  0    Dex: 11    Spells: 8/9 levels left

rFire   . . .      SeeInvis .   e - +3 dagger
rCold   . . .      Faith    .   (no shield)
rNeg    . . .      Spirit   .   (armour unavailable)
rPois   .          Reflect  .   (helmet currently unavailable)
rElec   .          Harm     .   h - +0 cloak
rCorr   .          Rampage  .   c - +0 pair of gloves
Will    .....                   (boots currently unavailable)
Stlth   +.........              (no amulet)
HPRegen 0.14/turn               (no ring)
MPRegen 0.11/turn               (no ring)

@: appendages
A: horns 2, talons 2, AC +5, unfitting armour, cold-blooded
a: End Transformation


You were on level 3 of the Dungeon.
You had temporarily grown beastly horns and talons.
You visited 1 branch of the dungeon, and saw 3 of its levels.

You collected 156 gold pieces.

Inventory:

Hand Weapons
 e - a +3 dagger (weapon)
Missiles
 a - 41 stones
Armour
 c - a +0 pair of gloves (worn)
 h - a +0 cloak (worn)
Scrolls
 b - a scroll of amnesia {unknown}
 d - a scroll of enchant weapon {unknown}
 f - a scroll of identify {unknown}


   Skills:
 + Level 2.6 Fighting
 + Level 2.5 Dodging
 + Level 3.6 Unarmed Combat
 + Level 2.6 Spellcasting
 * Level 3.4 Transmutations
 + Level 0.8 Poison Magic


You had 8 spell levels left.
You knew the following spells:

 Your Spells              Type           Power      Damage    Failure   Level
a - Beastly Appendage     Tmut           24%        N/A       4%          1

Your spell library contained the following spells:

 Spells                   Type           Power      Damage    Failure   Level
 Wereblood                Tmut           12%        N/A       8%          2
 Spider Form              Tmut/Pois      8%         N/A       26%         3
 Sublimation of Blood     Necr           1%         N/A       32%         2
 Ice Form                 Ice/Tmut       7%         N/A       71%         4
 Summon Hydra             Summ           0%         N/A       100%        7


Dungeon Overview and Level Annotations

Branches:
Dungeon (3/15)

Altars:
Ashenzari

Shops:
D:2 (


Innate Abilities, Weirdness & Mutations

You have temporarily grown beastly horns and talons.
Your plain brown scales are hard. (AC +5)
You cannot fit into any form of body armour.
You are cold-blooded and may be slowed by cold attacks.


Message History

A gnoll comes into view. It is wielding a +0 halberd.
The gnoll barely misses you.
You hit the gnoll but do no damage. You claw the gnoll.
The gnoll is heavily wounded.
The gnoll closely misses you.
You hit the gnoll. You claw the gnoll.
Your tail-slap misses the gnoll.
The gnoll is severely wounded.
The gnoll barely misses you.
You barely miss the gnoll.
The gnoll is severely wounded.
The gnoll hits you with a +0 flail.
You hit the gnoll.
You kill the gnoll!
The gnoll hits you from afar with a +0 spear.
The gnoll misses you. The gnoll barely misses you.
The gnoll hits you with a +0 halberd. The gnoll hits you with a +0 flail.
You see here a +0 flail.
You hit the gnoll.
The gnoll is moderately wounded.
The gnoll hits you but does no damage. The gnoll hits you with a +0 halberd!
The gnoll hits you with a +0 flail.
You hit the gnoll. You claw the gnoll, but do no damage.
You headbutt the gnoll.
The gnoll is almost dead.
The gnoll barely misses you. The gnoll hits you with a +0 halberd.
* * * LOW HITPOINT WARNING * * *
The gnoll closely misses you.
It was a potion of curing.
You feel better. The gnoll hits you with a +0 spear.
The gnoll barely misses you. The gnoll hits you with a +0 flail.
* * * LOW HITPOINT WARNING * * *
You feel better. The gnoll hits you but does no damage.
The gnoll hits you with a +0 halberd!
* * * LOW HITPOINT WARNING * * *
The gnoll hits you with a +0 flail.
* * * LOW HITPOINT WARNING * * *
It was a potion of magic.
Magic courses through your body. The gnoll misses you.
The gnoll closely misses you. The gnoll hits you with a +0 flail.
You die...

################
.....<.##......#
###).......###.#####
................@g.#
.##........###..gg......
.###...##.## ###........
.# ##.###.# #.#.####. .#
#.###.# #.#.# #.# .#
#.##..# #.#.# #.##<# .#
#.##.## #.. # #.##.#
.####.##.### #.# #.##.#
......##...# #. #.##.#
###


You could see 3 gnolls.

Vanquished Creatures
  2 hounds
  A gnoll (D:3)
  2 adders (D:3)
  4 worms
  A dart slug (D:3)
  2 orcs (D:3)
  6 ball pythons
  6 bats
  2 endoplasms
  6 giant cockroaches
  6 goblins
  12 hobgoblins
  3 jackals (D:2)
  6 kobolds
  4 quokkas
  3 frilled lizards
  3 rats
69 creatures vanquished.

Notes
Turn   | Place    | Note
-------+----------+-------------------------------------------
     0 | D:1      | NinjaNoafa the Draconian Transmuter began the quest for the
                  | Orb.
     0 | D:1      | Reached XP level 1. HP: 16/16 MP: 3/3
   131 | D:1      | Reached XP level 2. HP: 22/23 MP: 3/5
   448 | D:1      | Found a faded altar of an unknown god.
   759 | D:2      | Reached XP level 3. HP: 28/29 MP: 6/6
  1071 | D:2      | Reached XP level 4. HP: 27/36 MP: 7/7
  1557 | D:2      | Found Ynireth's Weapon Shop.
  1720 | D:3      | Found a broken altar of Ashenzari.
  1793 | D:3      | Reached XP level 5. HP: 37/42 MP: 6/8
  2066 | D:3      | HP: 1/42 [gnoll/+0 flail (2)]
  2067 | D:3      | Slain by a gnoll

Illustrated notes

Levels and vault maps discovered:
D:1:      minmay_arrival_arboretum_small, layout_loops_ring,
          hellmonk_ecumenical_altar_leap_of_faith, minmay_misc_feat_hallway,
          minmay_tetromino_t2
D:2:      cheibrodos_greedy_goblins, layout_rooms, serial_shops,
          nicolae_shop_window_shopping, serial_forest,
          infiniplex_forest_zigzag_1, infiniplex_forest_3_way,
          infiniplex_forest_clump_double, infiniplex_forest_corner_1,
          infiniplex_forest_lined_4_way
D:3:      layout_loops_ring, mainiacjoe_overflow_alcove_4,
          nicolae_overflow_ecumenical_swirl, ashenzari_altar_1

Skill      XL: |  1  2  3  4 |
---------------+-------------+-----
Dodging        | 2 |  2.5
Fighting       | 2 |  2.6
Transmutations | 3 |  3.4
Unarmed Combat | |  3.6
Spellcasting   | |  2.6
Poison Magic   | |  0.8

Action                   |  1- 3 |  4- 6 || total
-------------------------+-------+-------++-------
Melee: Unarmed           |   101 |    46 ||   147
       Kick              |    19 |    29 ||    48
       Headbutt          |    10 |     8 ||    18
       Tailslap          |     9 |     7 ||    16
       Punch             |     5 |     1 ||     6
       Dagger            |       |    59 ||    59
 Cast: Beastly Appendage |    18 |    18 ||    36
  Use: Potion            |       |     3 ||     3
 Stab: Sleeping          |     2 |       ||     2
Armor: Skin              |    51 |    36 ||    87
Dodge: Dodged            |   111 |    78 ||   189
